 Dungeon Crawl Stone Soup version bcrawl-1.15.1 (webtiles) character file.

Game seed: 3475763877399246339

11617 Chiseanne the Basher (level 11, -11/84 HPs)
             Began as a Demonspawn Archaeologist on Sept 27, 2019.
             Was a Priest of Makhleb.
             Killed by divine providence
             ... invoked by an orc priest
              (14 damage)
             ... in the Orcish Mines.
             The game lasted 00:18:18 (9649 turns).

Chiseanne the Basher (Demonspawn Archaeologist)     Turns: 9649, Time: 00:18:18

Health: -11/84     AC: 19    Str: 13    XL:     11   Next: 51%
Magic:  17/17      EV: 13    Int: 16    God:    Makhleb [***...]
Gold:   1050       SH:  0    Dex: 17    Spells: 10/10 levels left

rFire    + + .     SeeInvis +   a - +8 whip "Snakebite" {curare, rPois}
rCold    + + .     Gourm    .   (no shield)
rNeg     . . .     Faith    .   o - +2 scale mail {rF+}
rPois    +         Spirit   .   E - +1 helmet
rElec    .         Reflect  .   z - scarf {rC+ rF+}
rCorr    .         Harm     .   w - +0 pair of gloves
MR       .....                  d - +1 pair of boots
Stlth    +.........             (no amulet)
HPRegen  0.24/turn              D - ring of see invisible
MPRegen  0.15/turn              J - +4 ring of dexterity

@: very slightly contaminated
A: talons 2, iridescent scales 2, cold resistance 1, spiny 2
a: Minor Destruction, Lesser Servant of Makhleb, Renounce Religion


You were in the Orcish Mines.
You worshipped Makhleb.
Makhleb was most pleased with you.
You were not hungry.

You visited 3 branches of the dungeon, and saw 11 of its levels.

You collected 1050 gold pieces.

Inventory:

Hand Weapons
 a - the +8 whip "Snakebite" (weapon) {curare, rPois}

   It poisons the flesh of those it strikes.
   It protects you from poison.
Missiles
 n - 1523 stones (quivered)
 p - 988 arrows
 r - 613 bolts
 u - 695 poisoned needles
 y - 134 sling bullets
 G - 195 tomahawks
 H - 71 needles of confusion
Armour
 d - a +1 pair of boots (worn)
 o - a +2 scale mail of fire resistance (worn)
 w - a +0 pair of gloves (worn)
 z - a scarf of resistance (worn)
 E - a +1 helmet (worn)
 K - a +3 ring mail of cold resistance
 L - a +0 troll leather armour
Jewellery
 t - an uncursed ring of resist corrosion
 D - a ring of see invisible (left hand)
 J - a +4 ring of dexterity (right hand)
Wands
 h - a wand of random effects (11)
Scrolls
 b - 2 scrolls of enchant weapon
 e - 2 scrolls of amnesia
 f - 5 scrolls of remove curse
 j - 6 scrolls of teleportation
 q - 2 scrolls of fog
 s - a scroll of blinking
 A - a scroll of identify
Potions
 i - a potion of curing {unknown}
 k - a potion of haste {unknown}
 l - 2 potions of heal wounds
 m - a potion of mutation {unknown}
 v - a potion of flight {unknown}
 x - 2 potions of resistance
 B - 3 potions of berserk rage
 C - 2 potions of lignification
 F - a potion of invisibility {unknown}
 I - a potion of agility {unknown}
Comestibles
 g - 17 rations {!d}


   Skills:
 * Level 7.0 Fighting
 - Level 12.0 Maces & Flails
 * Level 6.2 Armour
 * Level 7.0 Dodging
 - Level 3.0 Stealth
 * Level 8.6 Invocations


You had 10 spell levels left.
You didn't know any spells.
Your spell library was empty.

Dungeon Overview and Level Annotations

Branches:
Dungeon (9/12)             Temple (1/1) D:6            Lair (0/6) D:8
    Orc (1/1) D:9             Elf (0/3) Orc

Altars:
Ashenzari
Cheibriados
Dithmenos
Elyvilon
Fedhas
Gozag
Hepliaklqana
Kikubaaqudgha
Lugonu
Makhleb
Nemelex Xobeh
Okawaru
Qazlal
Ru
Sif Muna
Trog
Uskayaw
Vehumet
Wu Jian
Xom
Yredelemnul
Zin
The Shining One

Shops:
D:9 (


Innate Abilities, Weirdness & Mutations

You have razor-sharp toenails.
You are mostly covered in iridescent scales. (AC +4)
Your flesh is cold resistant. (rC+)
You are mostly covered in sharp spines.


Message History

Makhleb accepts your kill.
You hit the orc priest.
The orc priest is poisoned.
The orc priest is heavily wounded.
The orc warrior hits you with a +0 scimitar!
The orc hits you but does no damage. The orc warrior barely misses you.
The orc priest calls down the wrath of Beogh upon you.
Beogh smites you!
* * * LOW HITPOINT WARNING * * *
The orc closely misses you. The orc warrior closely misses you.
The orc priest mumbles some strange prayers to Beogh against you.
Beogh smites you!
* * * LOW HITPOINT WARNING * * *
Blink to where?
Press: ? - help, Dir - move target cursor You are very lightly contaminated with residual magic.
As you read the scroll of blinking, it crumbles to dust.
The orc priest calls down the wrath of Beogh upon you.
Beogh smites you!
You die...

##.###.#.#### #.#...
###.........#.## ######....
##.##.....#.....# ##.#^###...
#.......###.)))## #.....#....
###.......#..)..# ##.#.......
.#.#...........#### #####.......
..................## #...#......#
.#.................###.........)#
##..............@...#.#.......).#
#....#.......#............#..))))
##................#.#....##....)#
#.......ยง......#######.###.#.)[)
##.##.)ooo.....# ####..#.)..
#####)oo####### #....).. .o.ooo.#
#.<..)). #.o#ooo#o.# ##.#....
#..ooooo..# ##.....


You could see an orc warrior and 2 orc priests.

Vanquished Creatures
  2 two-headed ogres
  An unseen horror (D:8)
  An orc knight (Orc)
  2 orc sorcerers (Orc)
  A centaur zombie (D:9)
  A komodo dragon (D:8)
  4 trolls
  A hippogriff (D:7)
  5 yaks (D:9)
  A spriggan (D:8)
  A wraith (D:7)
  Menkaure (D:7)
  A soldier ant (D:9)
  10 orc warriors
  5 sky beasts
  2 black bears
  2 ice beasts
  3 phantoms
  3 centaurs
  5 ogres
  2 crocodiles
  4 bullfrogs
  A gnoll sergeant (D:7)
  A wyvern zombie (D:8)
  2 scorpions (D:9)
  5 killer bees (D:7)
  A wight (D:9)
  2 howler monkeys (D:8)
  5 crimson imps
  A jelly (D:7)
  A bullfrog skeleton (D:7)
  A bullfrog zombie (D:7)
  2 hounds
  13 orc priests
  15 orc wizards
  2 centaur skeletons
  Jessica (D:2)
  4 worker ants
  A hound zombie (D:7)
  A hound skeleton (D:9)
  10 gnolls
  A howler monkey skeleton (D:6)
  3 worker ant zombies
  22 adders
  An ooze (D:1)
  2 adder skeletons
  4 dart slugs
  6 leopard geckos
  47 orcs
  8 ball pythons
  4 bats
  2 giant cockroaches
  10 goblins
  16 hobgoblins
  5 jackals
  7 kobolds
  4 quokkas
  3 frilled lizards
  A jackal skeleton (D:7)
  A quokka skeleton (D:3)
  A quokka zombie (D:4)
  4 rats (D:1)
279 creatures vanquished.

Vanquished Creatures (others)
  An orc (Orc)
  A plant (D:8)
2 creatures vanquished.

Grand Total: 281 creatures vanquished

Notes
Turn   | Place    | Note
-------+----------+-------------------------------------------
     0 | D:1      | Chiseanne the Demonspawn Archaeologist began the quest for
                  | the Orb.
     0 | D:1      | Reached XP level 1. HP: 15/15 MP: 1/1
   286 | D:1      | Gained mutation: You are partially covered in sharp spines.
                  | [demonic ancestry]
   286 | D:1      | Reached XP level 2. HP: 20/21 MP: 2/2
   479 | D:1      | Reached skill level 1 in Armour
   700 | D:1      | Gained mutation: You are partially covered in iridescent
                  | scales. (AC +2) [demonic ancestry]
   700 | D:1      | Reached XP level 3. HP: 27/27 MP: 3/3
   758 | D:1      | Reached skill level 1 in Maces & Flails
  1181 | D:2      | Reached skill level 2 in Maces & Flails
  1185 | D:2      | Reached skill level 3 in Maces & Flails
  1185 | D:2      | Reached XP level 4. HP: 20/33 MP: 4/4
  1495 | D:2      | Noticed Jessica
  1507 | D:2      | Killed Jessica
  1507 | D:2      | Reached skill level 4 in Maces & Flails
  1702 | D:2      | Reached skill level 5 in Maces & Flails
  1702 | D:2      | Gained mutation: You have sharp toenails. [demonic
                  | ancestry]
  1702 | D:2      | Reached XP level 5. HP: 7/38 MP: 5/5
  2298 | D:2      | Found a white marble altar of Elyvilon.
  2720 | D:3      | Reached skill level 6 in Maces & Flails
  3169 | D:3      | Reached XP level 6. HP: 44/44 MP: 6/6
  3465 | D:4      | Reached skill level 7 in Maces & Flails
  3495 | D:4      | Found a sparkling altar of Nemelex Xobeh.
  3673 | D:4      | Noticed a sky beast
  3683 | D:4      | Killed a sky beast
  3827 | D:5      | Entered Level 5 of the Dungeon
  4107 | D:6      | Gained mutation: Your flesh is cold resistant. (rC+)
                  | [demonic ancestry]
  4107 | D:6      | Reached XP level 7. HP: 16/49 MP: 7/7
  4455 | D:5      | Reached skill level 8 in Maces & Flails
  4864 | D:6      | Found a staircase to the Ecumenical Temple.
  4873 | Temple   | Entered the Ecumenical Temple
  5032 | Temple   | Became a worshipper of Makhleb the Destroyer
  5222 | D:6      | Found a hazy altar of Hepliaklqana.
  5235 | D:6      | Reached skill level 9 in Maces & Flails
  5390 | D:6      | Gained mutation: You are mostly covered in iridescent
                  | scales. (AC +4) [demonic ancestry]
  5390 | D:6      | Reached XP level 8. HP: 56/56 MP: 8/8
  5670 | D:7      | Noticed Menkaure
  5684 | D:7      | Killed Menkaure
  5904 | D:7      | Reached skill level 10 in Maces & Flails
  6097 | D:7      | Noticed a two-headed ogre
  6122 | D:7      | Killed a two-headed ogre
  6122 | D:7      | Reached skill level 11 in Maces & Flails
  6122 | D:7      | Gained mutation: You have razor-sharp toenails. [demonic
                  | ancestry]
  6122 | D:7      | Reached XP level 9. HP: 35/61 MP: 9/9
  6247 | D:7      | Reached * piety under Makhleb
  6525 | D:7      | Reached skill level 12 in Maces & Flails
  6570 | D:7      | Found an ornate altar of the Wu Jian Council.
  6693 | D:7      | Reached skill level 1 in Invocations
  7011 | D:8      | Noticed a troll
  7017 | D:8      | Killed a troll
  7443 | D:8      | Found a staircase to the Lair.
  7444 | D:8      | Noticed a komodo dragon
  7463 | D:8      | Killed a komodo dragon
  7463 | D:8      | Gained mutation: You are mostly covered in sharp spines.
                  | [demonic ancestry]
  7463 | D:8      | Reached XP level 10. HP: 54/71 MP: 11/13
  7729 | D:8      | Reached ** piety under Makhleb
  7764 | D:8      | Noticed an unseen horror
  7772 | D:8      | Killed an unseen horror
  7779 | D:8      | Reached skill level 5 in Invocations
  8023 | D:8      | Reached skill level 5 in Dodging
  8347 | D:9      | Noticed a two-headed ogre
  8358 | D:9      | Killed a two-headed ogre
  8358 | D:9      | Reached skill level 5 in Fighting
  8554 | D:9      | Found Fumm's Weapon Boutique.
  8704 | D:9      | Reached skill level 5 in Armour
  8817 | D:9      | Found an opulent altar of Gozag.
  8940 | D:9      | Reached XP level 11. HP: 79/81 MP: 16/16
  8973 | D:9      | Reached *** piety under Makhleb
  9074 | D:9      | Found an ancient bone altar of Kikubaaqudgha.
  9074 | D:9      | Found a snail-covered altar of Cheibriados.
  9114 | D:9      | Found a faded altar of an unknown god.
  9116 | D:9      | Found a shattered altar of Ashenzari.
  9117 | D:9      | Found a shimmering altar of Xom.
  9227 | D:9      | Found a staircase to the Orcish Mines.
  9432 | Orc      | Entered the Orcish Mines
  9432 | Orc      | Found a staircase to the Elven Halls.
  9437 | Orc      | Noticed an orc sorcerer
  9451 | Orc      | Killed an orc sorcerer
  9583 | Orc      | Noticed an orc knight
  9583 | Orc      | Noticed an orc sorcerer
  9596 | Orc      | Killed an orc sorcerer
  9609 | Orc      | Killed an orc knight
  9648 | Orc      | HP: 2/84 [orc priest/divine providence (13)]
  9649 | Orc      | Killed from afar by an orc priest

Skill      XL: |  1  2  3  4  5  6  7  8  9 10 11 |
---------------+----------------------------------+-----
Dodging        | 3 4 6 7 |  7.0
Armour         | 1 3 5 6 |  6.2
Maces & Flails | 3 5 6 7 9 11 12 | 12.0
Fighting       | 3 5 7 |  7.0
Invocations    | 4 7 8 |  8.6
Stealth        | |  3.0

Action                   |  1- 3 |  4- 6 |  7- 9 | 10-12 || total
-------------------------+-------+-------+-------+-------++-------
Melee: Whip              |    54 |    33 |   239 |   302 ||   628
       Short sword       |    27 |       |       |       ||    27
       Mace              |    21 |    98 |       |       ||   119
Throw: Stone             |       |       |     3 |       ||     3
  Use: Potion            |       |     2 |       |       ||     2
       Scroll            |       |    10 |       |     3 ||    13
 Stab: Sleeping          |     2 |     3 |     1 |       ||     6
       Distracted        |       |     2 |     1 |       ||     3
  Eat: Chunk             |     1 |     8 |    11 |     8 ||    28
Armor: Ring mail         |    42 |    44 |    42 |       ||   128
       Robe              |     1 |       |       |       ||     1
       Scale mail        |       |       |    22 |    89 ||   111
Dodge: Dodged            |    56 |    59 |    71 |   112 ||   298
